 Dungeon Crawl Stone Soup version 0.17.0-28-g6e173f8 (webtiles) character file.

154 R18 the Poker (level 5, 0/38 HPs)
             Began as a Demonspawn Gladiator on Nov 29, 2015.
             Splashed by a jelly's acid (10 damage)
             ... on level 3 of the Dungeon.
             The game lasted 00:06:49 (2652 turns).

R18 the Poker (Demonspawn Gladiator)                Turns: 2652, Time: 00:06:49

Health: 0/38       AC: -3    Str: 16    XL:     5   Next: 13%
Magic:  5/5        EV: 13    Int: 10    God:
Gold:   136        SH:  0    Dex: 13    Spells: 0 memorised, 4 levels left

rFire  . . .     SeeInvis .     b - +0 blowgun (curse)
rCold  . . .     Clarity  .     i - +0 leather armour
rNeg   . . .     SustAt   .     (no shield)
rPois  .         Gourm    .     c - +0 helmet
rElec  .         Spirit   .     (no cloak)
rCorr  .         Warding  .     (no gloves)
rMut   .         Stasis   .     (no boots)
MR     .....                    (no amulet)
Stlth  ++........               (no ring)
                                (no ring)

@: corroded equipment, not resistant to hostile enchantments, unstealthy
A: molten scales 1, nightstalker 1
a: no special abilities


You were on level 3 of the Dungeon.
You were not hungry.

You visited 1 branch of the dungeon, and saw 4 of its levels.

You collected 136 gold pieces.

Inventory:

Hand Weapons
 a - a +0 trident
 b - a cursed +0 blowgun (weapon)
Missiles
 d - 3 throwing nets
 q - 10 poisoned needles (quivered)
Armour
 c - a +0 helmet (worn)
 i - a +0 leather armour (worn)
 k - a +2 hat
 p - a +1 helmet
Jewellery
 o - an uncursed ring of magical power {unknown}
Wands
 j - a wand of polymorph (0)
Scrolls
 f - a scroll of magic mapping
 h - a scroll of fear
Potions
 l - a potion of agility
Comestibles
 e - 4 bread rations
 m - a meat ration
 n - a beef jerky


   Skills:
 - Level 2.0 Fighting
 * Level 4.5 Polearms
 - Level 1.7 Throwing
 + Level 3.9 Dodging


You had 4 spell levels left.
You didn't know any spells.

Dungeon Overview and Level Annotations

Branches:
Dungeon (4/15)
 Temple: D:4-7

Altars:
Ashenzari
Dithmenos
Kikubaaqudgha


Innate Abilities, Weirdness & Mutations

You are partially covered in molten scales (AC +1).
You are slightly more attuned to the shadows.


Message History

You climb downwards.
Found a ring mail.
There is a stone staircase leading up here.
Unknown command.
Found a stone staircase leading up.
There is a stone staircase leading up here.
The jelly hits you.
You are splashed with acid!
The acid corrodes you!
The acid burns!
You climb upwards.
There is a stone staircase leading down here.
Unknown command.
The jelly hits you.
You are splashed with acid!
The acid burns!
The jelly hits you.
You are splashed with acid!
The acid burns!
* * * LOW HITPOINT WARNING * * *
Found an ancient bone altar of Kikubaaqudgha.
Found a scroll labeled SUGROPS WEMI.
The jelly hits you.
* * * LOW HITPOINT WARNING * * *
You are splashed with acid!
The acid corrodes you!
The acid burns!
You die...

#.# #.# ####### #.#
#)#######.# ###>###
#.#
#.........###8...8#
#.#########
...#####...##.....##
#.........#
#..#####...#8.....8#
#########.#
#..........##.....##
#.#
#.##.......##8...8#
#.#
#....###...##.....##
#.# ....##
#..##8..J@.8# #.#
#.#.# #..###.....##
#.# #.#.# #.##
#8...8# #.. #.#.#
#.# ###_### ##.
#.#.####.# ##### #.
#........# #.?## #.
###.##.### #..# #.
#.##.# #..# #.
#.##.# ..# ..


You could see a jelly.

Vanquished Creatures
  An orc wizard (D:3)
  6 adders
  3 worms (D:2)
  A giant gecko (D:1)
  2 orcs
  4 bats
  3 giant cockroaches
  10 goblins
  9 hobgoblins
  4 jackals (D:1)
  9 kobolds
  2 giant newts (D:1)
  4 rats
58 creatures vanquished.

Notes
Turn   | Place    | Note
--------------------------------------------------------------
     0 | D:1      | R18 the Demonspawn Gladiator began the quest for the Orb.
     0 | D:1      | Reached XP level 1. HP: 16/16 MP: 1/1
    46 | D:1      | Reached skill level 3 in Polearms
   179 | D:1      | Gained mutation: You are slightly more attuned to the shadows. [demonic ancestry]
   179 | D:1      | Reached XP level 2. HP: 22/22 MP: 2/2
   745 | D:1      | Reached XP level 3. HP: 9/27 MP: 3/3
   749 | D:1      | HP: 1/27 [poisoned by an adder]
  1560 | D:2      | Found a shattered altar of Ashenzari.
  1687 | D:2      | Reached XP level 4. HP: 25/33 MP: 4/4
  1776 | D:2      | Reached skill level 4 in Polearms
  1862 | D:2      | Found a shadowy altar of Dithmenos.
  2606 | D:3      | Gained mutation: You are partially covered in molten scales (AC +1). [demonic ancestry]
  2606 | D:3      | Reached XP level 5. HP: 32/38 MP: 5/5
  2647 | D:3      | Found an ancient bone altar of Kikubaaqudgha.
  2652 | D:3      | Splashed by a jelly's acid

Action                   |  1- 3 |  4- 6 || total
-------------------------+-------+-------++-------
Melee: Trident           |   187 |    59 ||   246
 Fire: Blowgun           |       |    13 ||    13
Throw: Throwing net      |     3 |     3 ||     6
Evoke: Wand              |       |     3 ||     3
  Use: Potion            |     4 |     1 ||     5
       Scroll            |       |     6 ||     6
 Stab: Sleeping          |     5 |     3 ||     8
       Held in net/web   |     2 |       ||     2
  Eat: Chunk             |     2 |     4 ||     6
